 Dungeon Crawl Stone Soup version 0.27-a0-334-g52645efa06 (webtiles) character file.

Game seed: 16996969254685409518

250 skwiii the Stinger (level 5, -13/37 (38) HPs)
             Began as a Draconian Venom Mage on Feb 13, 2021.
             Was a Follower of Yredelemnul.
             Mangled by Duvessa
             ... wielding a +7 rapier of protection
              (16 damage)
             ... on level 4 of the Dungeon.
             The game lasted 00:26:05 (7798 turns).

skwiii the Stinger (Draconian Venom Mage)           Turns: 7798, Time: 00:26:05

HP:   -13/37 (38)   AC:  0    Str: 11    XL:     5   Next: 88%
MP:   4/10          EV: 14    Int: 16    God:    Yredelemnul [*.....]
Gold: 81            SH:  0    Dex: 11    Spells: 2/11 levels left

rFire    . . .     SeeInvis .   (weapon currently unavailable)
rCold    . . .     Faith    .   (shield currently unavailable)
rNeg     . . .     Spirit   .   (armour unavailable)
rPois    .         Reflect  .   (helmet currently unavailable)
rElec    .         Harm     .   (cloak currently unavailable)
rCorr    .         Rampage  .   (gloves currently unavailable)
Will     .....                  (boots currently unavailable)
Stlth    ++........             (no amulet)
HPRegen  0.12/turn              (ring currently unavailable)
MPRegen  0.12/turn              (ring currently unavailable)

@: pig-form (expiring), lightly drained, very quick
A: small, unfitting armour, AC +5
a: Renounce Religion, Animate Remains


You were on level 4 of the Dungeon.
You worshipped Yredelemnul.
Yredelemnul was aware of your devotion.
You were a filthy swine.
You visited 1 branch of the dungeon, and saw 4 of its levels.

You collected 81 gold pieces.

Inventory:

Hand Weapons
 a - a +0 dagger (melded)
 h - a +0 dagger
Missiles
 i - a throwing net
Armour
 e - a +0 pair of gloves (melded)
Magical Staves
 j - a staff of poison {unknown}
Jewellery
 c - a +6 ring of intelligence (melded)
Wands
 k - a wand of flame (13)
Scrolls
 b - a scroll of teleportation {unknown}
 f - a scroll of fear {unknown}
Potions
 d - a potion of curing {unknown}
 g - a potion of invisibility {unknown}


   Skills:
 + Level 0.9 Short Blades
 + Level 2.4 Dodging
 - Level 2.0 Stealth
 * Level 3.5 Spellcasting
 + Level 2.2 Transmutations
 + Level 1.7 Air Magic
 + Level 4.2 Poison Magic


You had 2 spell levels left.
You knew the following spells:

 Your Spells              Type           Power        Failure   Level
a - Sting                 Tmut/Pois      52%          4%          1
b - Poisonous Vapours     Pois/Air       24%          8%          2
c - Ignite Poison         Fire/Tmut/Pois 9%           22%         3
d - Mephitic Cloud        Conj/Pois/Air  9%           24%         3

Your spell library contained the following spells:

 Spells                   Type           Power        Failure   Level
 Olgreb's Toxic Radiance  Pois           16%          30%         4
 Confusing Touch          Hex            2%           47%         3
 Gell's Gravitas          Tloc           1%           47%         3
 Petrify                  Tmut/Erth      6%           73%         4
 Yara's Violent Unravell  Hex/Tmut       3%           97%         5
 Metabolic Englaciation   Hex/Ice        1%           99%         5


Dungeon Overview and Level Annotations

Branches:
Dungeon (4/15)
 Temple: D:4-7

Altars:
Elyvilon
Qazlal
Ru
Xom
Yredelemnul
The Shining One

Annotations:
D:2 Grinder
D:4 Dowan, Duvessa


Innate Abilities, Weirdness & Mutations

((Your plain brown scales are hard. (AC +5)))
You cannot fit into any form of body armour.
((You are cold-blooded and may be slowed by cold attacks.))


Message History

Your +0 dagger melds into your body.
Your +0 pair of gloves melds into your body.
Your +6 ring of intelligence melds into your body.
You feel stupid.
Duvessa zaps a wand.
You resist with some effort.
Found 11 gold pieces.
You see here a wand of flame (13).
k - a wand of flame (13) Duvessa zaps a wand.
You open the door.
Duvessa zaps a wand.
The orc wizard casts a spell at itself.
The orc wizard flickers and vanishes!
Deactivating autopickup; reactivate with Ctrl-A.
Duvessa hits you with a +7 rapier of protection!
Found a stone staircase leading down.
There is an open door, spattered with blood here.
Dowan gestures wildly while chanting.
Dowan blinks!
You close the door.
You are no longer glowing.
A scorpion comes into view.
Found a stone staircase leading up.
Your transformation is almost over.
Duvessa shouts!
You open the door.
Duvessa hits you with a +7 rapier of protection!
* * * LOW HITPOINT WARNING * * *
You hit the adder skeleton.
The adder skeleton is moderately damaged.
The adder skeleton bites you.
* * * LOW HITPOINT WARNING * * *
Duvessa misses you.
You hit the adder skeleton.
The adder skeleton is heavily damaged.
The adder skeleton misses you. Duvessa completely misses you.
You hit the adder skeleton.
The adder skeleton is severely damaged.
Duvessa hits you with a +7 rapier of protection!
You die...
Your body rises from the dead as a mindless zombie.

. .. ...... ### ......#..
...{.e..## #..# #...#
##..# ##.##
#######...####e..###
#..........#.Zh♣...###..
##............#..........
#.............###....>...
#......{........###.....#
##.................##.♣.##
#................### ....#
#..............### .<...
##.............# ....
#..###........... #..


You could see Duvessa (fast) and an adder skeleton.

Vanquished Creatures
  A bullfrog zombie (D:3)
  An orc priest (D:3)
  Terence (D:3)
  An orc wizard (D:3)
  4 adders
  2 oozes
  A worm (D:3)
  6 dart slugs
  2 leopard geckos
  2 orcs (D:2)
  3 giant cockroaches
  11 hobgoblins
  4 jackals
  A quokka (D:3)
  6 bats
  5 frilled lizards
  8 goblins
  10 kobolds
  9 rats
78 creatures vanquished.

Vanquished Creatures (others)
  An orc (D:3)
1 creature vanquished.

Grand Total: 79 creatures vanquished

Notes
Turn   | Place    | Note
-------+----------+-------------------------------------------
     0 | D:1      | skwiii the Draconian Venom Mage began the quest for the
                  | Orb.
     0 | D:1      | Reached XP level 1. HP: 14/14 MP: 3/3
   819 | D:1      | Reached XP level 2. HP: 18/20 MP: 0/5
  1661 | D:1      | Reached XP level 3. HP: 26/26 MP: 3/6
  1785 | D:1      | Learned a level 2 spell: Poisonous Vapours
  2407 | D:2      | Found a basalt altar of Yredelemnul.
  2493 | D:2      | Became a worshipper of Yredelemnul the Dark
  2538 | D:2      | Found a faded altar of an unknown god.
  3219 | D:2      | Reached XP level 4. HP: 33/33 MP: 2/8
  3600 | D:2      | Found a sacrificial altar of Ru.
  3779 | D:2      | Found a glowing golden altar of the Shining One.
  3779 | D:2      | Found a shimmering altar of Xom.
  3781 | D:2      | Found a white marble altar of Elyvilon.
  3786 | D:2      | Found a stormy altar of Qazlal.
  3842 | D:2      | Reached skill level 4 in Poison Magic
  3847 | D:2      | Learned a level 3 spell: Ignite Poison
  3865 | D:3      | Reached skill level 1 in Air Magic
  4941 | D:3      | Learned a level 3 spell: Mephitic Cloud
  5324 | D:3      | Noticed Grinder
  5349 | D:3      | Reached XP level 5. HP: 38/38 MP: 0/9
  6069 | D:2      | Paralysed by Grinder for 5 turns
  6384 | D:2      | Paralysed by Grinder for 5 turns
  7531 | D:3      | Noticed a necrophage
  7714 | D:3      | Noticed Terence
  7731 | D:3      | Reached * piety under Yredelemnul
  7752 | D:3      | Killed Terence
  7757 | D:4      | Noticed Dowan
  7758 | D:4      | Noticed Duvessa
  7798 | D:4      | Mangled by Duvessa

Illustrated notes

Levels and vault maps discovered:
D:1:      lemuel_arrival_hallway, layout_basic
D:2:      layout_loops_ring, yredelemnul_altar_generic, minitemple,
          chequers_ecumenical_altar_simple
D:3:      layout_rooms, uniq_terence, uniq_grinder
D:4:      layout_cave_pods, nicolae_overflow_crystal_walls, serial_shops, shop,
          grunt_ministairs_13, okawaru_trees_1, uniq_duvessa

Skill      XL: |  1  2  3  4 |
---------------+-------------+-----
Dodging        | 2 |  2.4
Stealth        | 2 |  2.0
Poison Magic   | 4 |  4.2
Spellcasting   | 3 |  3.5
Air Magic      | 1 |  1.7
Transmutations | 2 |  2.2
Short Blades   | |  0.9

Action                   |  1- 3 |  4- 6 || total
-------------------------+-------+-------++-------
Melee: Unarmed           |       |     4 ||     4
       Dagger            |       |    40 ||    40
       Tailslap          |       |     3 ||     3
 Cast: Sting             |    51 |    29 ||    80
       Poisonous Vapours |    20 |    42 ||    62
  Use: Scroll            |       |     4 ||     4
       Potion            |       |     1 ||     1
Armor: Skin              |     9 |    28 ||    37
Dodge: Dodged            |    19 |    82 ||   101

Table legend: (Time is in decaauts)
 A = Elapsed time spent in this place.
 B = Non-inter-level travel time spent in this place.
 C = Inter-level travel time spent in this place.
 D = Time resting spent in this place.
 E = Time spent auto-exploring this place.
 F = Levels seen in this place.
 G = Mean time per level.
                   A        B        C        D        E       F      G
               +--------+--------+--------+--------+--------+-----+--------+
         Total |   7810 |   7522 |    288 |   4515 |   1593 |   4 | 1952.5 |
       Dungeon |   7810 |   7522 |    288 |   4515 |   1593 |   4 | 1952.5 |
               +--------+--------+--------+--------+--------+-----+--------+

Top non-repeatable levels by time:
     D:2: 3108 daAuts
     D:1: 2712 daAuts
     D:3: 1955 daAuts
     D:4: 34 daAuts
